 Dungeon Crawl Stone Soup version 0.25.1-2-g60ff931df9 (webtiles) character file.

Game seed: 10097655745910926828

2496148 nikku the Conqueror (level 27, 196/218 HPs)
             Began as a Minotaur Berserker on Nov 7, 2020.
             Was a High Priest of Trog.
             Escaped with the Orb
             ... and 4 runes on Nov 8, 2020!
             The game lasted 04:31:19 (64504 turns).

nikku the Conqueror (Minotaur Berserker)           Turns: 64504, Time: 04:31:19

Health: 196/218    AC: 32    Str: 43      XL:     27
Magic:  26/26      EV: 23    Int:  7      God:    Trog [*****.]
Gold:   7221       SH: 36    Dex: 18 (19) Spells: 26/26 levels left

rFire    + . .     SeeInvis +   e - +11 war axe of Discretion {venom, Str+5 Int+4 Stlth+}
rCold    + . .     Gourm    .   l - +6 tower shield {reflect}
rNeg     + + +     Faith    .   I - +10 plate armour "Wuboc" {Str-4 Dex+6}
rPois    .         Spirit   .   X - +2 hat {MR+}
rElec    +         Reflect  +   R - scarf {rC+ rF+}
rCorr    .         Harm     .   S - +2 pair of gloves {Str+3}
MR       ++++.     Rnd*Rage +   U - +0 pair of boots of the Guild-Master {rElec Str+6 Int-3}
Stlth    ..........             z - amulet of the acrobat
HPRegen  0.00/turn              u - ring of protection from magic
MPRegen  0.20/turn              t - ring "Kastru Eduapp" {+Fly rN+++ Str+5 SInv Stlth-}

@: no status effects
A: retaliatory headbutt, horns 2, berserk 1, [blurry vision 1], deformed body,
deterioration 2, dopey 1, frail 1[+1], low mp 1[+2], inhibited regeneration
0: Orb of Zot
}: 4/15 runes: barnacled, silver, abyssal, gossamer
a: Berserk, Trog's Hand, Brothers in Arms, Renounce Religion, Evoke Flight


You escaped.
You worshipped Trog.
Trog was extremely pleased with you.
You were near starving.

You visited 9 branches of the dungeon, and saw 49 of its levels.
You visited the Abyss 1 time.
You also visited: Ice Cave.

You collected 10648 gold pieces.
You spent 3427 gold pieces at shops.

Inventory:

Hand Weapons
 e - the +11 war axe of Discretion (weapon) {venom, Str+5 Int+4 Stlth+}
   (You bought it in a shop on level 11 of the Dungeon)

   It poisons the flesh of those it strikes.
   It affects your strength (+5).
   It affects your intelligence (+4).
   It makes you more stealthy.
 Y - a +7 antimagic broad axe
Missiles
 o - 41 silver javelins
 G - 14 javelins (quivered)
Armour
 l - a +6 tower shield of reflection (worn)
 I - the +10 plate armour "Wuboc" (worn) {Str-4 Dex+6}
   (You found it on level 3 of the Lair of Beasts)

   It affects your strength (-4).
   It affects your dexterity (+6).
 R - a scarf of resistance (worn)
 S - a +2 pair of gloves of strength (worn)
 U - the +0 pair of boots of the Guild-Master (worn) {rElec Str+6 Int-3}
   (You found it on level 2 of the Elven Halls)

   It affects your strength (+6).
   It affects your intelligence (-3).
   It insulates you from electricity.
 X - a +2 hat of magic resistance (worn)
Jewellery
 d - an uncursed ring of poison resistance
 t - the ring "Kastru Eduapp" (right hand) {+Fly rN+++ Str+5 SInv Stlth-}
   (You found it in an ice cave)

   [ring of flight]

   It affects your strength (+5).
   It renders you almost immune to negative energy.
   It lets you see invisible.
   It lets you fly.
   It makes you less stealthy.
 u - a ring of protection from magic (left hand)
 z - an amulet of the acrobat (around neck)
 Q - an uncursed ring of resist corrosion
Wands
 n - a wand of iceblast (52)
 w - a wand of digging (17)
 E - a wand of polymorph (69)
 F - a wand of clouds (23)
 J - a wand of acid (42)
 L - a wand of disintegration (22)
 N - a wand of paralysis (40)
Scrolls
 b - 5 scrolls of blinking
 g - a scroll of enchant armour
 i - 3 scrolls of silence
 k - 16 scrolls of remove curse
 r - 2 scrolls of immolation
 s - 3 scrolls of holy word
 x - 3 scrolls of fear
 y - 7 scrolls of teleportation
 A - 4 scrolls of summoning
 B - 11 scrolls of magic mapping
 D - 5 scrolls of identify
 W - a scroll of fog
Potions
 f - 15 potions of curing
 h - 5 potions of haste
 m - 7 potions of ambrosia
 p - 5 potions of lignification
 q - a potion of invisibility
 v - 2 potions of cancellation
 C - 6 potions of resistance
 M - 2 potions of mutation
 O - 3 potions of might
Miscellaneous
 a - a phial of floods
 P - 5 boxes of beasts
 T - a lightning rod (4/4)
Comestibles
 c - 44 rations


   Skills:
 O Level 27 Fighting
 - Level 20.9 Axes
 + Level 21.2 Armour
 + Level 19.1 Dodging
 - Level 25.0 Shields
 + Level 23.5 Evocations


You had 26 spell levels left.
You didn't know any spells.
Your spell library was empty.

Dungeon Overview and Level Annotations

Branches:
Dungeon (15/15)            Temple (0/1) D:4            Lair (6/6) D:10
 Shoals (4/4) Lair:3       Spider (4/4) Lair:4        Slime (0/5) Lair:6
    Orc (2/2) D:12            Elf (3/3) Orc:2        Vaults (5/5) D:13
  Crypt (0/3) Vaults:3     Depths (5/5) D:15            Zot (5/5) Depths:5
  IceCv (visited)

Altars:
Ashenzari
Elyvilon
Fedhas
Kikubaaqudgha
Makhleb
Nemelex Xobeh
Ru
Uskayaw
Vehumet
Wu Jian
Xom
Yredelemnul

Shops:
D:4 (*   D:7 *   D:11 (   D:12 (   D:14 %   Orc:1 [   Orc:2 %*[[   Elf:1 (
Elf:2 *   Elf:3 *   Vaults:1 *   Vaults:4 !   Vaults:5 (![   Depths:1 **

Portals:
Hell: Depths:1 Depths:2 Depths:3 Depths:4 Depths:5
Abyss: Depths:3 Depths:4
Pandemonium: Depths:3 Depths:5
Ziggurat: Depths:4

Annotations:
D:6 Boris
D:11 1 runed translucent door
Lair:2 exclusion: oklob plant
Lair:6 exclusion: oklob plant
Shoals:4 Roxanne
Vaults:4 exclusion: orange crystal statue
Depths:4 exclusion: 4 oklob plants


Innate Abilities, Weirdness & Mutations

You reflexively headbutt those who attack you in melee.
You have a pair of horns on your head.
You tend to lose your temper in combat.
Armour fits poorly on your strangely shaped body.
Your body often deteriorates upon taking damage.
You are dopey. (Int -2)
You do not regenerate when monsters are visible.
[Scrolls take you a little longer to read.]
[You are very frail. (-20% HP)]
[Your magical capacity is extremely low. (-30% MP)]


Message History

You furiously retaliate!
You headbutt the ufetubus!!
You kill the ufetubus!
You cut the ynoxinul into ribbons!!!
You kill the ynoxinul!
Trog accepts your kill.
The ufetubus disappears in a puff of smoke! x2
You feel the corruption within you wane somewhat.
You feel robust.
Your vision sharpens a little.
Evoke which item? (* to show all) (? for menu, Esc to quit)
Aiming: Dig
Press: ? - help, Shift-Dir - straight line A rock wall.
This square is covered in magical glow.
The rock shatters into small pieces.
A hellwing, a Hell Sentinel and a pandemonium lord come into view.
The Hell Sentinel roars!
The hellwing gives a chilling moan.
Wetwemp launches a ball of destructive magic.
An orb of destruction comes into view.
There is a staircase leading out of the dungeon here.
You have escaped!

##### ######.@.######
###.............###
###..........*&.....###
#.'.................+.#
#.#.................#.#
#.###.........4.1.###.#
#.# ###.........### #.#
#.# #.##.....### #.#
#.# ##..........### #.#


You could see Wetwemp, a Hell Sentinel and a hellwing.

Vanquished Creatures
  10 ancient liches
  3 orbs of fire (Zot:5)
  Mara (Depths:2)
  A juggernaut (Depths:4)
  Boris (Vaults:2)
  Sojobo (Depths:4)
  Margery (Vaults:5)
  2 Killer Klowns (Zot:5)
  Xtahua (Vaults:5)
  A curse toe (Zot:5)
  The ghost of Dataggej the Executioner, an adept MiBe of Trog (Elf:2)
  9 golden dragons
  4 electric golems
  A bone dragon (Depths:5)
  3 liches
  13 tentacled monstrosities
  Jorgrun (Shoals:1)
  21 Orb Guardians (Zot:5)
  2 deep elf blademasters (Elf:3)
  7 quicksilver dragons
  Asterion (Vaults:3)
  2 deep elf master archers (Elf:3)
  An acid blob (Depths:4)
  5 titans
  An Executioner (D:12)
  3 sphinxes
  8 death cobs
  Ilsuiw (Shoals:3)
  Kirke (Spider:2)
  5 tengu reavers
  3 draconian monks (Zot:1)
  19 storm dragons
  A thorn hunter (Depths:4)
  7 ghost moths
  9 shadow dragons
  5 fire giants
  6 draconian scorchers
  12 frost giants
  4 draconian knights
  11 deep elf sorcerers
  Aizul (Spider:4)
  A juggernaut zombie (Depths:4)
  3 emperor scorpions
  2 draconian shifters
  20 vault wardens
  Louise (Elf:1)
  A draconian stormcaller (Zot:1)
  4 iron dragons
  4 deep elf elementalists (Elf:3)
  18 ironheart preservers
  4 war gargoyles (Vaults:5)
  33 very ugly things
  6 draconian annihilators
  25 stone giants
  13 black draconians
  A vampire knight (Depths:4)
  15 green draconians
  8 deep elf demonologists
  A small abomination (Vaults:5)
  2 entropy weavers
  6 deep elf annihilators
  6 dire elephants (Lair:6)
  9 yellow draconians
  9 purple draconians
  4 spark wasps
  11 red draconians
  A dire elephant (shapeshifter) (Depths:2)
  5 white draconians
  4 merfolk javelineers
  3 blizzard demons
  26 ettins
  6 deep elf death magi
  5 deep elf high priests
  7 merfolk impalers
  12 great orbs of eyes
  15 fire dragons
  8 rakshasas
  Fannar (Lair:1)
  13 yaktaur captains
  The ghost of Bafeavos the Destroyer, a journeyman OpCj of Vehumet (Orc:1)
  17 ice dragons
  35 vault guards
  A hydra (shapeshifter) (Depths:2)
  2 hell beasts
  7 hydras
  A shambling mangrove (Abyss:5)
  An anaconda (Lair:6)
  A spriggan air mage (Depths:2)
  15 ogre magi
  2 merfolk aquamancers (Shoals:4)
  3 merfolk avatars
  5 satyrs (Shoals:4)
  34 dancing weapons
  13 centaur warriors
  35 two-headed ogres
  3 death knights
  7 tengu warriors
  8 deep troll shamans
  4 vampire magi
  9 deep troll earth magi
  4 orc high priests
  26 deep elf knights
  4 soul eaters
  A titan zombie (Depths:4)
  A sun demon (Depths:4)
  9 hell knights
  2 shadow wraiths
  A fire crab (shapeshifter) (Vaults:4)
  5 skeletal warriors
  A storm dragon skeleton (Depths:2)
  An iron troll (Depths:1)
  A torturous demonspawn (Depths:5)
  2 wizards (D:15)
  A deep troll (shapeshifter) (Depths:2)
  8 sea snakes
  6 glowing orange brains
  2 unseen horrors
  3 flayed ghosts
  A tengu zombie (Depths:4)
  11 ironbrand convokers
  22 deep trolls
  28 deep elf archers
  A shadow dragon zombie (Depths:2)
  A harpy (shapeshifter) (Vaults:3)
  33 wolf spiders
  11 necromancers
  23 harpies
  15 orc knights
  45 ugly things
  10 orc sorcerers
  2 wolf spider zombies (D:15)
  A frost giant zombie (Depths:2)
  4 phantasmal warriors
  19 orb spiders
  11 cyclopes
  67 deep elf magi
  An elephant (shapeshifter) (Depths:1)
  8 manticores
  A salamander (shapeshifter) (Vaults:1)
  16 fauns
  13 merfolk sirens
  A worldbinder (Abyss:3)
  2 rust devils (Depths:4)
  21 vault sentinels
  4 elephants (Lair:6)
  32 moths of wrath
  2 stone giant skeletons
  Maurice (D:12)
  2 black mambas
  2 naga magi (D:15)
  2 water nymphs
  9 spiny frogs
  5 torpor snails
  2 apocalypse crabs (Abyss:5)
  A smoke demon (Depths:3)
  A storm dragon simulacrum (Vaults:3)
  An ice statue (IceCv)
  A komodo dragon (shapeshifter) (Vaults:2)
  A rime drake (shapeshifter) (Depths:2)
  An ancient zyme (Abyss:3)
  43 yaktaurs
  2 rime drakes
  30 demonic crawlers
  An efreet (D:14)
  5 anaconda simulacra (IceCv)
  9 freezing wraiths
  8 komodo dragons
  A hellwing (Depths:5)
  9 ice devils
  A spriggan skeleton (Depths:2)
  A yaktaur (shapeshifter) (Elf:1)
  9 trolls
  A red devil (Depths:4)
  An elf skeleton (Depths:4)
  29 jumping spiders
  A yaktaur skeleton (Depths:1)
  2 tengu conjurers
  2 queen bees
  The ghost of gruber the Charmwright, an amateur GnSk (D:5)
  14 merfolk
  6 wind drakes
  16 hornets
  11 blink frogs
  17 hippogriffs
  A spriggan zombie (Depths:1)
  An ice dragon zombie (Depths:1)
  A wolf spider simulacrum (IceCv)
  8 dream sheep (Shoals:2)
  6 large abominations (Abyss:3)
  28 slime creatures
  6 snapping turtles
  2 dream sheep (shapeshifter) (Depths:2)
  A meliai zombie (D:15)
  2 frost giant simulacra
  5 air elementals
  A shadow (D:13)
  77 redbacks
  4 dire elephant simulacra (IceCv)
  2 wraiths
  16 yaks
  13 water elementals
  40 tarantellas
  2 ynoxinuls
  3 vampires
  4 wyverns
  A human (shapeshifter) (Elf:3)
  5 fire elementals
  A neqoxec (Abyss:3)
  A hog (Spider:2)
  A yaktaur simulacrum (Vaults:2)
  2 basilisks
  A hog (shapeshifter) (Depths:1)
  3 hungry ghosts
  3 death yak simulacra (IceCv)
  A basilisk (shapeshifter) (Vaults:2)
  2 chaos spawn (Depths:3)
  2 hydra simulacra (IceCv)
  7 wargs
  A swamp worm (shapeshifter) (Vaults:2)
  A soldier ant (D:14)
  An iron troll simulacrum (IceCv)
  2 soldier ants (shapeshifter)
  3 harpy simulacra (IceCv)
  7 water moccasins
  5 acid dragons
  6 porcupines
  A floating eye (Depths:4)
  37 orc warriors
  3 black bears
  6 ice beasts
  3 sky beasts
  8 boggarts
  3 phantoms
  A hornet zombie (D:14)
  A tengu (shapeshifter) (Depths:1)
  2 eyes of draining
  5 wolves (Lair:6)
  41 ogres
  14 centaurs
  Blork the orc (D:4)
  3 big kobolds
  10 crocodiles
  21 bullfrogs
  2 gnoll sergeants
  3 wyvern zombies
  A glowing shapeshifter simulacrum (Depths:4)
  2 human skeletons
  6 earth elementals
  A water moccasin zombie (D:9)
  39 killer bees
  5 scorpions
  2 human simulacra (Vaults:2)
  3 howler monkeys
  A swamp dragon simulacrum (IceCv)
  3 electric eels
  5 wights (D:12)
  9 crimson imps
  A bullfrog zombie (D:12)
  7 centaur zombies
  7 hounds
  A quasit (D:6)
  A draconian simulacrum (IceCv)
  3 jellies
  21 orc priests
  28 orc wizards
  A bullfrog skeleton (D:4)
  9 centaur skeletons
  4 iron imps
  4 iguanas
  13 worker ants
  2 troll simulacra (IceCv)
  2 spriggan simulacra (IceCv)
  A centaur simulacrum (IceCv)
  2 worker ant zombies
  13 gnolls
  13 adders
  2 naga simulacra (IceCv)
  An ogre simulacrum (IceCv)
  5 shadow imps
  12 white imps
  9 ufetubi
  An ooze (D:2)
  2 adder skeletons
  4 worms
  2 dart slugs (D:1)
  9 leopard geckos
  98 orcs
  4 giant cockroaches
  6 goblins
  5 hobgoblins
  6 jackals
  25 kobolds
  3 quokkas
  A ball python (D:6)
  7 bats
  4 frilled lizards
  2 giant cockroach zombies (D:5)
  2 jackal zombies
  2 leopard gecko skeletons (D:5)
  A quokka skeleton (D:4)
  9 rats
  3 briar patches (Depths:4)
  2 crawling corpses
  5 fungi
  14 plants
2340 creatures vanquished.

Vanquished Creatures (collateral kills)
  An ancient lich (Zot:5)
  A curse toe (Zot:1)
  Arachne (Spider:3)
  An Orb Guardian (Zot:5)
  A quicksilver dragon (Depths:4)
  A fire giant (Vaults:3)
  A vault warden (Vaults:2)
  A ghost moth (Spider:3)
  2 green draconians (Zot:5)
  A spark wasp (Spider:4)
  2 purple draconians (Zot:5)
  A deep elf high priest (Elf:1)
  A yaktaur captain (Vaults:1)
  A vault guard (Vaults:1)
  2 two-headed ogres (Vaults:1)
  An ogre mage (Vaults:1)
  A soul eater (Depths:4)
  An obsidian statue (Depths:4)
  A phantasmal warrior (Vaults:5)
  3 orb spiders (Spider:4)
  2 wolf spiders
  A moth of wrath (Zot:5)
  2 vault sentinels
  2 jumping spiders (Spider:3)
  3 slime creatures (Vaults:3)
  A large abomination (Vaults:2)
  6 redbacks
  2 tarantellas (Spider:4)
  A water elemental (Elf:1)
45 creatures vanquished.

Vanquished Creatures (others)
  A death cob (Zot:3)
  A draconian monk (Zot:2)
  A draconian scorcher (Zot:1)
  A yellow draconian (Zot:1)
  A deep elf annihilator (Depths:3)
  A sea snake (Shoals:3)
  A redback (Spider:2)
  2 humans (Spider:2)
  A boggart (Depths:2)
  An orc wizard (Orc:2)
  An orc (Vaults:3)
  A kobold (D:10)
  A crawling corpse (Elf:3)
  8 fungi
  48 plants
  4 tentacles (Abyss:5)
74 creatures vanquished.

Grand Total: 2459 creatures vanquished

Notes
Turn   | Place    | Note
-------+----------+-------------------------------------------
     0 | D:1      | nikku the Minotaur Berserker began the quest for the Orb.
     0 | D:1      | Reached XP level 1. HP: 19/19 MP: 0/0
    68 | D:1      | Reached XP level 2. HP: 20/27 MP: 1/1
   271 | D:1      | Reached skill level 4 in Fighting
   432 | D:1      | Reached ** piety under Trog
   457 | D:1      | Reached XP level 3. HP: 33/33 MP: 2/2
  1559 | D:3      | Found a burning altar of Makhleb.
  1568 | D:3      | Reached skill level 1 in Shields
  1568 | D:3      | Reached XP level 4. HP: 41/41 MP: 3/3
  1777 | D:3      | Noticed an ogre
  1790 | D:3      | Killed an ogre
  1790 | D:3      | Reached skill level 5 in Axes
  1790 | D:3      | Reached XP level 5. HP: 47/47 MP: 4/4
  2341 | D:3      | Found an ancient bone altar of Kikubaaqudgha.
  2341 | D:3      | Noticed a human
  2362 | D:4      | Reached skill level 5 in Fighting
  2366 | D:4      | Found Robid's Serpentskin Sales.
  2366 | D:4      | Noticed a water moccasin
  2373 | D:4      | Killed a water moccasin
  2373 | D:4      | Reached XP level 6. HP: 55/56 MP: 5/5
  2519 | D:4      | Noticed Blork the orc
  2526 | D:4      | Killed Blork the orc
  2598 | D:4      | Found a staircase to the Ecumenical Temple.
  2658 | D:4      | Reached skill level 5 in Armour
  2675 | D:4      | Reached XP level 7. HP: 62/62 MP: 6/6
  2751 | D:4      | Reached *** piety under Trog
  2751 | D:4      | Reached skill level 6 in Fighting
  2973 | D:4      | Found Xulisow's Antique Weapon Emporium.
  3244 | D:5      | Entered Level 5 of the Dungeon
  3260 | D:5      | Found a blossoming altar of Fedhas.
  3422 | D:5      | Found a runed translucent gate.
  3422 | D:5      | Found a runed translucent gate.
  3422 | D:5      | Found a runed translucent gate.
  3469 | D:5      | Found a shattered altar of Ashenzari.
  3578 | D:5      | Reached skill level 5 in Shields
  3578 | D:5      | Reached XP level 8. HP: 20/71 MP: 7/7
  3691 | D:5      | Reached skill level 7 in Fighting
  3793 | D:5      | Noticed gruber's ghost (amateur GnSk)
  3825 | D:5      | Killed gruber's ghost
  4244 | D:6      | Found a sacrificial altar of Ru.
  4390 | D:6      | Reached skill level 8 in Fighting
  4390 | D:6      | Reached XP level 9. HP: 73/81 MP: 8/8
  5342 | D:7      | Reached **** piety under Trog
  5590 | D:7      | Found Riblo's Assorted Antiques.
  5804 | D:7      | Reached skill level 9 in Fighting
  6113 | D:8      | Noticed a queen bee
  6125 | D:8      | Killed a queen bee
  6125 | D:8      | Reached XP level 10. HP: 91/91 MP: 9/9
  6354 | D:8      | Noticed a two-headed ogre
  6376 | D:8      | Killed a two-headed ogre
  6464 | D:8      | Reached skill level 10 in Axes
  6764 | D:9      | Reached skill level 10 in Fighting
  6815 | D:9      | Found a hide-covered altar of Uskayaw.
  7181 | D:9      | Reached skill level 10 in Armour
  7553 | D:9      | Found a shimmering altar of Xom.
  7607 | D:9      | Found a white marble altar of Elyvilon.
  7778 | D:10     | Entered Level 10 of the Dungeon
  7825 | D:10     | Killed an unseen horror
  8068 | D:10     | Reached ***** piety under Trog
  8290 | D:10     | Reached XP level 11. HP: 74/101 MP: 10/10
  8341 | D:10     | Reached skill level 10 in Shields
  8345 | D:10     | Found a staircase to the Lair.
  8625 | D:11     | Noticed a purple ugly thing
  8642 | D:11     | Killed a purple ugly thing
  8642 | D:11     | Reached skill level 11 in Fighting
  8737 | D:11     | Noticed a green ugly thing
  8759 | D:11     | Killed a green ugly thing
  8812 | D:11     | Found Ysyux's Weapon Boutique.
  9254 | D:11     | Found a runed translucent door.
  9254 | D:11     | Noticed an ettin
  9254 | D:11     | Noticed a frost giant
  9254 | D:11     | Noticed a deep troll earth mage
  9255 | D:11     | Noticed a deep troll
  9256 | D:11     | Noticed an ettin
  9256 | D:11     | Noticed a tengu reaver
  9256 | D:11     | Noticed a stone giant
  9256 | D:11     | Noticed a war gargoyle
  9573 | Lair:1   | Entered Level 1 of the Lair of Beasts
  9591 | Lair:1   | You fall into a shaft and drop 1 floor!
 10053 | Lair:2   | Noticed a six-headed hydra
 10065 | Lair:2   | Killed a ten-headed hydra
 10661 | Lair:1   | Noticed Fannar
 10669 | Lair:1   | Reached skill level 12 in Fighting
 10714 | Lair:1   | Killed Fannar
 10714 | Lair:1   | Reached XP level 12. HP: 40/112 MP: 11/11
 12478 | Lair:3   | Found a staircase to the Shoals.
 12626 | Lair:3   | Got a scorched plate armour
 12637 | Lair:3   | Identified the +10 plate armour "Wuboc" {Str-4 Dex+6} (You
                  | found it on level 3 of the Lair of Beasts)
 12638 | Lair:3   | Found an ornate altar of the Wu Jian Council.
 12677 | Lair:3   | Received a gift from Trog
 12680 | Lair:3   | Got an ichor-stained hand axe {god gift}
 12681 | Lair:3   | Identified the +9 hand axe of Defence by Offence {vorpal,
                  | Str+3 Dex+3} (Trog gifted it to you on level 3 of the Lair
                  | of Beasts)
 12914 | Lair:3   | You fall into a shaft and drop 1 floor!
 13337 | Lair:3   | Reached skill level 13 in Fighting
 13836 | Lair:4   | Noticed a seven-headed hydra
 13855 | Lair:4   | Killed a 12-headed hydra
 13988 | Lair:4   | Found a hole to the Spider Nest.
 14261 | Lair:4   | You fall into a shaft and drop 1 floor!
 14300 | Lair:5   | Noticed a six-headed hydra
 14312 | Lair:5   | Killed an 11-headed hydra
 14756 | Lair:5   | Found a dark tunnel.
 15030 | Lair:6   | Entered Level 6 of the Lair of Beasts
 15226 | Lair:6   | Reached XP level 13. HP: 123/123 MP: 12/12
 15257 | Lair:6   | Reached skill level 14 in Fighting
 15493 | Lair:6   | Found a staircase to the Slime Pits.
 15854 | Lair:6   | Noticed a dire elephant
 15854 | Lair:6   | Noticed a dire elephant
 15868 | Lair:6   | Killed a dire elephant
 15873 | Lair:6   | Killed a dire elephant
 15898 | Lair:6   | Noticed a dire elephant
 15918 | Lair:6   | Killed a dire elephant
 16190 | Lair:6   | Noticed a dire elephant
 16196 | Lair:6   | Noticed a dire elephant
 16201 | Lair:6   | Killed a dire elephant
 16202 | Lair:6   | Noticed a dire elephant
 16229 | Lair:6   | Killed a dire elephant
 16230 | Lair:6   | Killed a dire elephant
 16509 | D:12     | Found a staircase to the Orcish Mines.
 16545 | Orc:1    | Entered Level 1 of the Orcish Mines
 16553 | Orc:1    | Found Lexe Ymu's Armour Boutique.
 16694 | Orc:1    | Reached skill level 15 in Fighting
 16752 | Orc:1    | Found a transporter.
 16756 | Orc:1    | Found a transporter.
 16756 | Orc:1    | Noticed Bafeavos's ghost (journeyman OpCj)
 16789 | Orc:1    | Killed Bafeavos's ghost
 17230 | Orc:1    | Identified a scroll of acquirement
 17230 | Orc:1    | Acquired a manual of Fighting
 17254 | Orc:2    | Entered Level 2 of the Orcish Mines
 17788 | Orc:2    | Found a staircase to the Elven Halls.
 18010 | Orc:2    | Reached skill level 16 in Fighting
 18015 | Orc:2    | Received a gift from Trog
 18025 | Orc:2    | Reached XP level 14. HP: 137/137 MP: 13/13
 18041 | Orc:2    | Found Xiath's Armour Shoppe.
 18041 | Orc:2    | Found Isoeg's Armour Boutique.
 18152 | Orc:2    | Found Dyr Zyr's General Store.
 18152 | Orc:2    | Found Uran Wageri's Food Shoppe.
 18163 | Orc:2    | Bought a scarf of resistance for 512 gold pieces
 18457 | D:12     | Found Huzulux's Antique Weapon Emporium.
 18464 | D:12     | Noticed Maurice
 18470 | D:12     | Killed Maurice
 19120 | D:13     | Found a gate to the Vaults.
 19120 | D:13     | Noticed an ironheart preserver
 19130 | D:13     | Killed an ironheart preserver
 19190 | D:13     | Received a gift from Trog
 19195 | D:13     | Reached skill level 17 in Fighting
 20403 | D:14     | Found Viriapak's Food Emporium.
 20594 | D:14     | Reached skill level 18 in Fighting
 21062 | D:14     | Reached skill level 15 in Axes
 21197 | D:15     | Entered Level 15 of the Dungeon
 21481 | D:15     | Reached skill level 19 in Fighting
 21488 | D:15     | Received a gift from Trog
 21492 | D:15     | Reached skill level 15 in Armour
 21497 | D:15     | Reached XP level 15. HP: 152/152 MP: 14/14
 21789 | D:15     | Found a sparkling altar of Nemelex Xobeh.
 22202 | D:15     | Found a staircase to the Depths.
 22421 | Spider:1 | Entered Level 1 of the Spider Nest
 22609 | Spider:1 | Found a frozen archway.
 22621 | Spider:1 | Reached skill level 20 in Fighting
 22628 | Spider:1 | Reached skill level 1 in Evocations
 22634 | Spider:1 | Reached skill level 15 in Shields
 22639 | Spider:1 | Reached ****** piety under Trog
 22650 | IceCv    | Entered an ice cave
 22843 | IceCv    | Received a gift from Trog
 23567 | IceCv    | Got a steaming tin ring
 23605 | Spider:1 | Identified the ring "Kastru Eduapp" {+Fly rN+++ Str+5 SInv
                  | Stlth-} (You found it in an ice cave)
 24539 | Spider:1 | Got a fading chain mail
 24550 | Spider:1 | Identified the +0 chain mail of the Known World {rElec rF+}
                  | (You found it on level 1 of the Spider Nest)
 24874 | Spider:2 | Received a gift from Trog
 24926 | Spider:2 | Noticed a ghost moth
 24938 | Spider:2 | Killed a ghost moth
 25157 | Spider:2 | Reached XP level 16. HP: 165/165 MP: 17/17
 25158 | Spider:2 | Noticed Kirke
 25170 | Spider:2 | Killed Kirke
 25467 | Spider:2 | Reached skill level 21 in Fighting
 26008 | Spider:3 | Noticed Arachne
 26019 | Spider:3 | Killed Arachne
 26022 | Spider:3 | Received a gift from Trog
 26863 | Spider:4 | Entered Level 4 of the Spider Nest
 26875 | Spider:4 | Reached skill level 5 in Evocations
 27252 | Spider:4 | Received a gift from Trog
 27303 | Spider:4 | Noticed Aizul
 27320 | Spider:4 | Killed Aizul
 27544 | Spider:4 | Reached XP level 17. HP: 145/176 MP: 10/20
 27564 | Spider:4 | Received a gift from Trog
 27564 | Spider:4 | Reached skill level 22 in Fighting
 27904 | Spider:4 | Got a gossamer rune of Zot
 28424 | Shoals:1 | Entered Level 1 of the Shoals
 28750 | Shoals:1 | Noticed Jorgrun
 28770 | Shoals:1 | Killed Jorgrun
 29870 | Shoals:2 | Received a gift from Trog
 30188 | Shoals:3 | Noticed Ilsuiw
 30342 | Shoals:3 | Killed Ilsuiw
 30897 | Shoals:3 | Reached XP level 18. HP: 187/187 MP: 21/23
 30938 | Shoals:4 | Entered Level 4 of the Shoals
 31645 | Shoals:4 | Got a pair of translucent gloves
 31663 | Shoals:4 | Identified the +0 pair of gloves of Udda {+Blink rPois
                  | Slay-2} (You found it on level 4 of the Shoals)
 31756 | Shoals:4 | Reached skill level 23 in Fighting
 31757 | Shoals:4 | Received a gift from Trog
 31883 | Shoals:4 | Noticed Roxanne
 32023 | Shoals:4 | Reached XP level 19. HP: 195/195 MP: 24/24
 32087 | Shoals:4 | Got a barnacled rune of Zot
 32927 | Vaults:1 | Entered Level 1 of the Vaults
 33219 | Vaults:1 | Found Roykkoik's General Store.
 33296 | D:11     | Bought the +11 war axe of Discretion {venom, Str+5 Int+4
                  | Stlth+} for 1494 gold pieces
 33373 | Vaults:1 | Bought a scroll of acquirement for 884 gold pieces
 33373 | Vaults:1 | Acquired the +3 broad axe "Cufoim" {venom, rElec rF+ Dex+2}
 33499 | Vaults:1 | Reached skill level 10 in Evocations
 34204 | Vaults:1 | Reached skill level 24 in Fighting
 34558 | Vaults:1 | Received a gift from Trog
 34702 | Vaults:2 | Noticed Boris
 34716 | Vaults:2 | Killed Boris
 35037 | Vaults:2 | Reached XP level 20. HP: 136/206 MP: 26/26
 35555 | Vaults:2 | Cast into level 3 of the Abyss (vault warden)
 35644 | Abyss:3  | Received a gift from Trog
 35682 | Abyss:5  | Entered Level 5 of the Abyss
 35732 | Abyss:5  | Got an abyssal rune of Zot
 35737 | Vaults:2 | Escaped the Abyss
 36934 | Vaults:3 | Reached skill level 25 in Fighting
 37594 | Vaults:3 | Received a gift from Trog
 37610 | Vaults:3 | Noticed Asterion
 37635 | Vaults:3 | Killed Asterion
 37782 | Vaults:3 | Reached XP level 21. HP: 200/217 MP: 27/27
 37840 | Vaults:3 | Found a staircase to the Crypt.
 37840 | Vaults:3 | Found an ancient bone altar of Kikubaaqudgha.
 37850 | Vaults:3 | Found a basalt altar of Yredelemnul.
 37916 | Vaults:3 | You fall into a shaft and drop 1 floor!
 38496 | Vaults:4 | Paralysed by an orc sorcerer for 7 turns
 39013 | Vaults:4 | Found Ludopn's Distillery.
 39110 | Vaults:4 | Received a gift from Trog
 40009 | Elf:1    | Entered Level 1 of the Elven Halls
 40009 | Elf:1    | Noticed Louise
 40022 | Elf:1    | Killed Louise
 40563 | Elf:1    | Found Bobrywed's Antique Weapon Boutique.
 40655 | Elf:1    | Received a gift from Trog
 40781 | Elf:1    | Found a runed translucent gate.
 40781 | Elf:1    | Found a runed translucent gate.
 40781 | Elf:1    | Found a runed translucent gate.
 40781 | Elf:1    | Found a runed translucent gate.
 40781 | Elf:1    | Found a runed translucent gate.
 40783 | Elf:1    | Found a runed translucent gate.
 41436 | Elf:2    | Reached skill level 26 in Fighting
 41582 | Elf:2    | Found a runed translucent gate.
 41587 | Elf:2    | Found a runed translucent gate.
 41588 | Elf:2    | Found a runed translucent gate.
 41607 | Elf:2    | Found a runed translucent door.
 41664 | Elf:2    | Noticed Dataggej's ghost (adept MiBe)
 41694 | Elf:2    | Killed Dataggej's ghost
 41915 | Elf:2    | Got a pair of fine boots
 41916 | Elf:2    | Identified the +0 pair of boots of the Guild-Master {rElec
                  | Str+6 Int-3} (You found it on level 2 of the Elven Halls)
 41994 | Elf:2    | Found Butofyos's General Store.
 42011 | Elf:2    | Received a gift from Trog
 42036 | Elf:2    | Bought a scroll of teleportation for 45 gold pieces
 42359 | Elf:2    | Reached XP level 22. HP: 228/228 MP: 29/29
 42788 | Elf:3    | Entered Level 3 of the Elven Halls
 42985 | Elf:3    | Received a gift from Trog
 43853 | Elf:3    | Found Angy's General Store.
 43857 | Elf:3    | Bought a potion of curing for 42 gold pieces
 44209 | Elf:3    | Identified the +3 great sword of Xasup {flame, MR++ Dex+3}
 44430 | Elf:3    | Identified the cursed +3 battleaxe of Izapeop {drain, SInv}
 44430 | Elf:3    | Identified the ring "Wiczuquo" {+Fly rPois MR- Str-5 Dex+7}
 44512 | Elf:3    | Identified the +7 mace "Vowubb" {protect, rPois Str+2
                  | Dex+3}
 44512 | Elf:3    | Identified the +2 robe of Gestures {MR++ Str+2}
 44590 | Elf:3    | Identified the Compendium of Dark Rites and Hexes
 44616 | Elf:3    | Acquired a manual of Evocations
 44620 | Elf:3    | Got a dazzling plate armour
 44623 | Elf:3    | Got a transparent plate armour
 44624 | Elf:3    | Identified the +5 plate armour of Mumblety Peg {MR+ Dex+3}
                  | (You found it on level 3 of the Elven Halls)
 44625 | Elf:3    | Identified the cursed +1 plate armour of the Harp {rElec
                  | Dex-2 Stlth+} (You found it on level 3 of the Elven Halls)
 45063 | Depths:1 | Entered Level 1 of the Depths
 45069 | Depths:1 | Received a gift from Trog
 45533 | Depths:1 | Found a gateway to Hell.
 45705 | Depths:1 | Found a runed translucent door.
 45762 | Depths:1 | Found Amnuit's Demolitions Depot.
 45795 | Depths:1 | Found Guciquosa's Elemental Accessories.
 46169 | Depths:2 | Noticed Mara
 46177 | Depths:2 | Reached skill level 27 in Fighting
 46180 | Depths:2 | Noticed nikku's illusion
 46183 | Depths:2 | Noticed nikku's illusion
 46187 | Depths:2 | Killed Mara
 46338 | Depths:2 | Reached XP level 23. HP: 211/240 MP: 32/32
 46349 | Depths:2 | Received a gift from Trog
 47226 | Depths:2 | Reached skill level 15 in Evocations
 47239 | Depths:2 | Received a gift from Trog
 47546 | Depths:2 | Acquired the ring "Xomo" {Fire Slay+3}
 48064 | Depths:3 | Got a wavering jade amulet
 48068 | Depths:3 | Found a one-way gate to the infinite horrors of the Abyss.
 48821 | Depths:3 | Received a gift from Trog
 48833 | Depths:3 | Found a one-way gate leading to the halls of Pandemonium.
 48838 | Depths:3 | Reached XP level 24. HP: 249/249 MP: 34/34
 49164 | Depths:3 | Identified the amulet of the Iron Devil {Faith Stlth+} (You
                  | found it on level 3 of the Depths)
 50097 | Depths:4 | Found a gateway to a ziggurat.
 50126 | Depths:4 | Received a gift from Trog
 50208 | Depths:4 | Noticed Sojobo
 50223 | Depths:4 | Killed Sojobo
 50245 | Depths:4 | Paralysed by a floating eye for 3 turns
 50266 | Depths:4 | Found a shattered altar of Ashenzari.
 51063 | Depths:5 | Entered Level 5 of the Depths
 51175 | Depths:5 | Found a gate to the Realm of Zot.
 51203 | Depths:5 | Reached skill level 5 in Dodging
 51228 | Depths:5 | Received a gift from Trog
 52518 | Depths:4 | Noticed a juggernaut
 52537 | Depths:4 | Killed a juggernaut
 53012 | Vaults:5 | Entered Level 5 of the Vaults
 53059 | Vaults:5 | Noticed Margery
 53070 | Vaults:5 | Killed Margery
 53070 | Vaults:5 | Reached XP level 25. HP: 194/257 MP: 35/35
 53071 | Vaults:5 | Received a gift from Trog
 53076 | Vaults:5 | Reached skill level 10 in Dodging
 53110 | Vaults:5 | Noticed an ancient lich
 53119 | Vaults:5 | Noticed Xtahua
 53121 | Vaults:5 | Killed an ancient lich
 53137 | Vaults:5 | Killed Xtahua
 53393 | Vaults:5 | Identified the +3 leather armour "Salasche" {rF+ Int+3}
 53506 | Vaults:5 | Received a gift from Trog
 53828 | Vaults:5 | Noticed an ancient lich
 53840 | Vaults:5 | Killed an ancient lich
 54026 | Vaults:5 | Received a gift from Trog
 54243 | Vaults:5 | Got a silver rune of Zot
 54445 | Vaults:5 | Found Mogunyomn's Distillery.
 54448 | Vaults:5 | Found Kaiff's Antique Armour Shoppe.
 54481 | Vaults:5 | Bought a potion of haste for 150 gold pieces
 54481 | Vaults:5 | Bought 2 potions of haste for 300 gold pieces
 54566 | Vaults:5 | Found Hineluy's Weapon Boutique.
 54619 | Vaults:5 | Identified the +3 dire flail of Bihaempe {venom, MR- Dex+5}
 54832 | Vaults:5 | Identified the ring of the King {rElec rC- AC+4 Dex+7}
 54954 | Vaults:5 | Identified the Compendium of Contamination and Necromancy
 54971 | Vaults:5 | Identified the Guide on Glacial Earth
 54995 | Vaults:5 | Acquired the ring of Emeonwask {Fire rN++ Dex+2 SInv
                  | Stlth-}
 55725 | Zot:1    | Entered Level 1 of the Realm of Zot
 55808 | Zot:1    | Reached XP level 26. HP: 119/266 MP: 12/36
 56853 | Zot:1    | You fall into a shaft and drop 1 floor!
 56863 | Zot:2    | Reached skill level 15 in Dodging
 56994 | Zot:2    | Received a gift from Trog
 58062 | Zot:2    | Got a pitted copper ring
 59149 | Zot:2    | Identified the ring "Qeowkergh" {Str+8 Stlth-} (You found
                  | it on level 2 of the Realm of Zot)
 60472 | Zot:3    | Acquired 1520 gold pieces
 60604 | Zot:4    | Received a gift from Trog
 61340 | Zot:4    | Reached XP level 27. HP: 243/273 MP: 36/36
 61988 | Zot:4    | Identified the +5 great sword "Guoxib" {distort, rC+++ rN+
                  | MR+ Stlth+}
 62185 | Zot:4    | Acquired 1060 gold pieces
 62187 | Zot:4    | Acquired a manual of Evocations
 62210 | Zot:5    | Entered Level 5 of the Realm of Zot
 62856 | Zot:5    | Gained mutation: Armour fits poorly on your strangely
                  | shaped body. [mutagenic glow]
 62894 | Zot:5    | Gained mutation: You do not regenerate when monsters are
                  | visible. [mutagenic glow]
 62921 | Zot:5    | Gained mutation: You tend to lose your temper in combat.
                  | [mutagenic glow]
 62945 | Zot:5    | Noticed an orb of fire
 62945 | Zot:5    | Noticed an ancient lich
 62946 | Zot:5    | Noticed an ancient lich
 62951 | Zot:5    | Gained mutation: [Your magical capacity is low. (-10% MP)]
                  | [an orb of fire]
 62952 | Zot:5    | Noticed an ancient lich
 62962 | Zot:5    | Killed an orb of fire
 62964 | Zot:5    | Killed an ancient lich
 62967 | Zot:5    | Killed an ancient lich
 62972 | Zot:5    | Killed an ancient lich
 62981 | Zot:5    | Gained mutation: Your body sometimes deteriorates upon
                  | taking damage. [mutagenic glow]
 63029 | Zot:4    | Gained mutation: [You are frail. (-10% HP)] [mutagenic
                  | glow]
 63407 | Zot:5    | Noticed an ancient lich
 63409 | Zot:5    | Noticed an orb of fire
 63416 | Zot:5    | Noticed an ancient lich
 63416 | Zot:5    | Noticed an ancient lich
 63423 | Zot:5    | Killed an orb of fire
 63429 | Zot:5    | Killed an ancient lich
 63430 | Zot:5    | Killed an ancient lich
 63432 | Zot:5    | Noticed an ancient lich
 63437 | Zot:5    | Killed an ancient lich
 63440 | Zot:5    | Noticed an orb of fire
 63446 | Zot:5    | Killed an ancient lich
 63446 | Zot:5    | Gained mutation: Your body often deteriorates upon taking
                  | damage. [an orb of fire]
 63451 | Zot:5    | Gained mutation: You are dopey. (Int -2) [an orb of fire]
 63453 | Zot:5    | Killed an orb of fire
 63464 | Zot:5    | Noticed an ancient lich
 63477 | Zot:5    | Killed an ancient lich
 63481 | Zot:5    | Noticed an ancient lich
 63497 | Zot:5    | Killed an ancient lich
 63919 | Zot:5    | Got the Orb of Zot
 63940 | Zot:5    | Noticed Pykouvacw the pandemonium lord
 64393 | D:6      | Noticed Boris
 64416 | D:5      | Found a radiant altar of Vehumet.
 64501 | D:1      | Noticed Wetwemp the pandemonium lord
 64504 | D:$      | Escaped with the Orb!

Illustrated notes

Levels and vault maps discovered:
D:1:      nzn_arrival_depleted_hourglass, layout_rooms, minmay_strange_pillars
D:2:      layout_rooms, first_ration, kennysheep_cross_room
D:3:      layout_loops_cross, lemuel_crystal_altar, serial_co_window_serial,
          co_window_of_opportunity_a, co_window_corner_a, co_window_corner_a,
          co_window_paths_a, co_window_paths_a, co_window_cross_4,
          co_window_2corner, co_window_of_opportunity_b, co_window_paths_e,
          glass_columns_a, tgw_kikubaaqudgha
D:4:      layout_gridville, temple_doors_e, serial_shops, shop,
          dk_noncrumbling_3, guppyfry_shop_venom, uniq_blork_the_orc
D:5:      layout_cave_pools, nicolae_overflow_hidden_temple,
          serial_column_ruins, column_ruins_hut_pillars, column_ruins_hut,
          column_ruins_grid_1, column_ruins_grid_1, column_ruins_grid_1,
          gammafunk_ghost_split, basic_altar
D:6:      layout_rooms, nicolae_ru_great_annihilating_truth
D:7:      layout_basic, serial_shops, shop
D:8:      layout_rooms, david_nohive_1
D:9:      layout_basic, overflow_temple_1_default, overflow_temple_1_default,
          brannock_xom_greatest_gift
D:10:     layout_roguey, grunt_lair_entry_orc_guard_hut
D:11:     minmay_gate_of_8, layout_rooms, serial_shops, shop_fountains,
          bh_walls_and_bars
D:12:     layout_loops_ring, orc_david_3, serial_shops, shop,
          hangedman_abyss_or_decor_lesser_grid, uniq_maurice
D:13:     layout_loops_corners, skrybe_vaults_entry_preservation
D:14:     layout_loops_cross, serial_shops, shop
D:15:     grunt_enter_depths_magical_seal, layout_loops_ring,
          nemelex_diamond_rough_becter
Lair:1:   layout_small_grid, uniq_fannar
Lair:2:   layout_chaotic_city, minmay_lair_oklob_chamber
Lair:3:   layout_layer_cave, minmay_shoals_entry_beasts, special_room
          [special_room_bee], basic_altar, bh_chokoban
Lair:4:   layout_small_grid, dummy_spider_entry, lemuel_centaur_altar
Lair:5:   layout_loops_ring, enter_volcano_2, grunt_megastairs_4
Lair:6:   due_jungle_book, layout_misc_corridors,
          minmay_slime_entry_oklob_enclosed
Shoals:1: layout_shoals, uniq_jorgrun
Shoals:2: layout_shoals
Shoals:3: layout_shoals, uniq_ilsuiw
Shoals:4: shoals_end_grunt_garden, layout_shoals, uniq_roxanne
Spider:1: nicolae_spider_mines_3, portal_ice_cave_entry_pillars_2
Spider:2: layout_spider_delve, uniq_kirke
Spider:3: layout_spider_delve, uniq_arachne
Spider:4: grunt_spider_rune_parallel, drop_trap, worms_lemuel, uniq_aizul
Orc:1:    layout_diamond_mine, gammafunk_ghost_arena, serial_shops, shop
Orc:2:    grunt_orc_tribal_feast, layout_diamond_mine
Elf:1:    eino_elf_arrival_shootout, layout_geoelf_diagonals, serial_shops,
          nicolae_shop_statue_plus, orc_legates, hangedman_elven_pyramids,
          drop_trap, uniq_louise
Elf:2:    layout_gridlike, ebering_ghost_reflecting_pool, serial_shops, shop,
          serial_sigils_hangedman_quiver
Elf:3:    elf_hall, layout_geoelf_castle, serial_shops, nicolae_shop_crystal
Vaults:1: vaults_mumra_minichess, grunt_vaults_bifocal,
          hangedman_vaults_stretched_pinwheel, vaults_room_door_hall,
          vaults_room_pools, vaults_room_grunt_arrival_ludios,
          grunt_vaults_hallway_short, vaults_mumra_hexcomb,
          layout_vaults_chaotic_city, serial_shops, shop, serial_glass
Vaults:2: vaults_mumra_minichess_inversion, v_pattern_5,
          nicolae_vaults_little_squares_5, nicolae_vaults_little_squares_5,
          nicolae_vaults_display_case, nicolae_vaults_windows_and_doors_thing,
          hangedman_vaults_cutoff, v_misc_27, hangedman_vaults_unwind,
          layout_vaults_omnibox, uniq_boris
Vaults:3: nicolae_vaults_network_square, vaults_room_boxed,
          minmay_crypt_entry_necro_gods, nicolae_vaults_little_squares_6,
          v_misc_5, nicolae_vaults_little_squares_2, grunt_vaults_funnel,
          v_misc_33, vaults_room_fours, v_misc_23, nicolae_vaults_little_ls,
          layout_vaults_omnicross, uniq_asterion
Vaults:4: v_rooms_2, nicolae_vaults_rhombus_7, v_misc_2,
          nicolae_vaults_statue_guard, v_misc_33, vaults_dpeg_hooks,
          vaults_room_door_ring, nicolae_vaults_border_crossing,
          layout_vaults_omnigrid, serial_shops, shop_fountains
Vaults:5: uniq_margery, uniq_xtahua
Depths:1: layout_forbidden_donut, hell_entry, hangedman_decor_opposing,
          nicolae_blasting_shop, minmay_misc_feat_five,
          chequers_serial_rivers_micro_a, nicolae_elemental_shop, wad_hexagon,
          serial_bayou_shore_b, grunt_megastairs_3
Depths:2: minmay_the_grid_square_5x5_5x5_mashed
          [minmay_the_grid_square_5x5_eight, minmay_the_grid_square_5x5_n,
          minmay_the_grid_square_5x5_tri_point,
          minmay_the_grid_square_5x5_bracketed,
          minmay_the_grid_square_5x5_trominoes,
          minmay_the_grid_square_5x5_minivault,
          minmay_the_grid_square_5x5_prize_monsterx,
          minmay_the_grid_square_5x5_plus,
          minmay_the_grid_square_5x5_prize_deathbox,
          minmay_the_grid_square_5x5_three,
          minmay_the_grid_square_5x5_pentomino_r,
          minmay_the_grid_square_5x5_inner_z,
          minmay_the_grid_square_5x5_prize_rear_guard,
          minmay_the_grid_square_5x5_shrine1,
          minmay_the_grid_square_5x5_percent,
          minmay_the_grid_square_5x5_intrusive_squares,
          minmay_the_grid_square_5x5_prize_waves,
          minmay_the_grid_square_5x5_detours,
          minmay_the_grid_square_5x5_prize_snowflake,
          minmay_the_grid_square_5x5_spiral_small,
          minmay_the_grid_square_5x5_broken_cross,
          minmay_the_grid_square_5x5_one_wall,
          minmay_the_grid_square_5x5_moneybag,
          minmay_the_grid_square_5x5_fancy_junction,
          minmay_the_grid_square_5x5_fat_x], layout_gridlike, hell_entry,
          minmay_door_square, kennysheep_random_hallway, uniq_mara
Depths:3: minmay_cut_squares, layout_basic, grunt_pan_entry_zigzag,
          serial_glass, glass_columns_a, glass_columns_a, abyss_entry,
          grunt_hell_entry_dis_grunt
Depths:4: dpeg_oklob_gauntlet, layout_basic, enter_ziggurat_e, abyss_entry,
          grunt_hell_entry_demonic_statue, serial_sigils,
          serial_sigils_hangedman_stare, serial_sigils_hangedman_gut,
          serial_sigils_hangedman_shear, lemuel_statue_altar, dispersion_dpeg,
          uniq_sojobo
Depths:5: grunt_crosshair, layout_gridville, hell_entry, nicolae_wwwww,
          rand_demon_pan_entry_9, serial_bayou_shore_b
Zot:1:    layout_cellular_growth
Zot:2:    layout_gridlike
Zot:3:    layout_twisted_circle
Zot:4:    layout_cellular_growth, nicolae_lava_and_water
Zot:5:    layout_cathedral_of_symmetry, lemuel_baited_zot_trap

Skill      XL: |  1  2  3  4  5  6  7  8  9 10 11 12 13 14 15 16 17 18 19 20 21 22 23 24 25 26 27 |
---------------+----------------------------------------------------------------------------------+-----
Axes           | 4 5 6 8 9 10 12 13 14 15 16 17 18 20 | 20.9
Fighting       | 4 5 6 8 9 10 12 13 16 19 20 21 22 23 24 25 26 27 | 27.0
Armour         | 3 4 5 6 7 9 10 11 13 14 15 16 19 21 | 21.2
Shields        | 1 2 3 5 6 8 9 11 12 13 14 15 16 17 18 20 21 22 24 25 | 25.0
Evocations     | 3 5 8 9 10 11 13 17 18 20 21 23 | 23.5
Dodging        | 9 14 16 19 | 19.1

Action                   |  1- 3 |  4- 6 |  7- 9 | 10-12 | 13-15 | 16-18 | 19-21 | 22-24 | 25-27 || total
-------------------------+-------+-------+-------+-------+-------+-------+-------+-------+-------++-------
Melee: Hand axe          |    90 |    21 |       |   134 |  1312 |   963 |   190 |       |       ||  2710
       Headbutt          |    21 |    12 |    72 |   140 |   433 |   319 |   460 |   465 |   418 ||  2340
       War axe           |       |    33 |   304 |   489 |       |       |  1152 |  1244 |  1034 ||  4256
       Broad axe         |       |       |       |       |       |       |     5 |       |       ||     5
Throw: Dart              |       |    11 |    18 |    15 |    12 |    20 |       |       |       ||    76
       Throwing net      |       |       |     1 |       |       |       |       |       |       ||     1
       Javelin           |       |       |       |       |       |       |       |     5 |       ||     5
Invok: Trog's Hand       |       |     1 |     6 |     7 |    22 |    14 |    21 |    10 |    19 ||   100
       Berserk           |       |     1 |     3 |     7 |    15 |     6 |     8 |     4 |     8 ||    52
       Brothers in Arms  |       |       |       |       |       |     4 |     6 |     6 |    11 ||    27
 Abil: Evoke Flight      |       |       |       |       |       |       |       |     1 |       ||     1
Evoke: Phantom mirror    |       |       |       |       |     2 |       |       |     3 |       ||     5
       Wand              |       |       |       |       |       |     1 |       |     3 |     3 ||     7
  Use: Scroll            |     8 |     4 |     2 |     7 |    13 |    10 |     4 |    14 |    15 ||    77
       Potion            |       |       |     3 |     3 |       |     2 |       |     9 |     9 ||    26
 Stab: Invisible         |       |       |     1 |       |       |       |       |       |       ||     1
       Confused          |       |       |       |       |     1 |       |       |       |       ||     1
       Distracted        |       |       |       |       |       |     1 |     4 |     2 |     2 ||     9
       Held in net/web   |       |       |       |       |       |     1 |       |       |       ||     1
  Eat: Chunk             |     2 |     5 |    13 |    30 |    40 |    22 |    37 |    31 |    16 ||   196
       Ration            |       |       |     1 |     2 |     5 |     4 |     4 |     4 |    11 ||    31
Armor: Scale mail        |    63 |    13 |    64 |    40 |       |       |       |       |       ||   180
       Plate armour      |       |       |       |   113 |   377 |   388 |   275 |   273 |   258 ||  1684
       Skin              |       |       |       |    11 |       |       |       |       |       ||    11
Dodge: Dodged            |    51 |    10 |   102 |   145 |   253 |   206 |   148 |   201 |   437 ||  1553
Block: Tower shield      |    26 |    45 |   355 |   589 |  1070 |  1221 |  1142 |  1260 |  1266 ||  6974
       Reflection        |       |       |     7 |    22 |    35 |    50 |   168 |   112 |    61 ||   455
